 Dungeon Crawl Stone Soup version 0.23.1 (webtiles) character file.

Game seed: 14323884951076646379

467 Borgoz the Cutter (level 7, -5/59 HPs)
             Began as a Ghoul Monk on Mar 18, 2019.
             Killed by divine providence
             ... invoked by an orc priest
              (11 damage)
             ... on level 5 of the Dungeon.
             The game lasted 00:09:57 (3941 turns).

Borgoz the Cutter (Ghoul Monk)                      Turns: 3941, Time: 00:09:59

Health: -5/59      AC:  6    Str: 13 (15) XL:     7   Next: 8%
Magic:  6/6        EV: 18    Int:  6 (8)  God:
Gold:   309        SH:  0    Dex: 16 (18) Spells: 6/6 levels left

rFire    . . .     SeeInvis .   n - +3 dagger
rCold    + . .     Gourm    .   (no shield)
rNeg     + + +     Faith    .   l - +0 ring mail
rPois    ∞         Spirit   .   (no helmet)
rElec    .         Reflect  .   (no cloak)
rCorr    .         Harm     .   q - +0 pair of gloves
MR       .....                  (no boots)
Stlth    +.........             (no amulet)
HPRegen  0.00/turn              e - +3 ring of intelligence
MPRegen  0.10/turn              (no ring)

@: confused, agile, rotting
A: rotting body, claws 1, carnivore, cold resistance 1, negative energy
resistance 3, inhibited regeneration, torment resistance, unbreathing
a: no special abilities


You were on level 5 of the Dungeon.
You were not hungry.

You visited 1 branch of the dungeon, and saw 5 of its levels.

You collected 309 gold pieces.

Inventory:

Hand Weapons
 n - a +3 dagger (weapon)
Missiles
 g - a throwing net (quivered)
 i - 6 javelins
 o - 2 tomahawks
Armour
 h - a +2 ring mail of cold resistance
 l - a +0 ring mail (worn)
 q - a +0 pair of gloves (worn)
Jewellery
 e - a +3 ring of intelligence (left hand)
Scrolls
 d - a scroll of remove curse {unknown}
 f - 2 scrolls of amnesia
 j - 6 scrolls of identify
 k - 2 scrolls of enchant armour
 p - 3 scrolls of teleportation
Comestibles
 c - 9 rations


   Skills:
 + Level 4.3 Fighting
 + Level 4.4 Short Blades
 + Level 2.8 Armour
 + Level 4.3 Dodging
 + Level 2.9 Stealth


You had 6 spell levels left.
You didn't know any spells.
Your spell library was empty.

Dungeon Overview and Level Annotations

Branches:
Dungeon (5/15)
 Temple: D:4-7

Altars:
The Shining One


Innate Abilities, Weirdness & Mutations

Your body is rotting away.
You thrive on raw meat.
You are immune to poison.
You have sharp fingernails.
You are carnivorous and can eat meat at any time.
Your flesh is cold resistant. (rC+)
You are immune to negative energy. (rN+++)
You do not regenerate when monsters are visible.
You are immune to unholy pain and torment.
You can survive without breathing.


Message History

There was something very wrong with that liquid.
You feel weakened.
You feel dopey.
You feel clumsy.
The orc wizard hits you but does no damage.
The orc priest hits you but does no damage.
The crimson imp hits you.
* * * LOW HITPOINT WARNING * * *
It was a potion of agility.
You feel agile all of a sudden.
The orc priest hits you with a +0 dagger.
* * * LOW HITPOINT WARNING * * *
The orc wizard hits you but does no damage.
The crimson imp closely misses you.
Unknown command.
You hit the orc priest.
The orc priest is severely wounded.
The orc wizard gestures at you while chanting.
You are confused.
The orc priest calls down the wrath of Beogh upon you.
Beogh smites you!
You die...

... .. ............
#... ... .......[....
#...##.. ##..# .......
#.....# #..###.......
#.....###..##........
.....#..............
#..#).#...<.# ....
##oo.##.....###....
#####.@#####...........
#.....5....#......#....
#..####................
>.. #.......(...#....
.. #...........#....
.Z. ##..##...##.....##
..#..#.......####..##.#
...............###....#
#.....).......(.#......


You could see an orc priest, an orc wizard and a crimson imp.

Vanquished Creatures
  A scorpion (D:4)
  An orc priest (D:3)
  A hound (D:4)
  3 orc wizards
  2 worker ants (D:4)
  A hound zombie (D:5)
  4 gnolls
  6 adders
  An ooze (D:1)
  A worm (D:4)
  A dart slug (D:2)
  3 leopard geckos
  17 orcs
  A ball python (D:4)
  2 bats (D:2)
  5 giant cockroaches
  5 goblins (D:1)
  8 hobgoblins
  14 jackals
  3 quokkas
  4 frilled lizards
  4 kobolds
  9 rats
97 creatures vanquished.

Notes
Turn   | Place    | Note
-------+----------+-------------------------------------------
     0 | D:1      | Borgoz the Ghoul Monk began the quest for the Orb.
     0 | D:1      | Reached XP level 1. HP: 19/19 MP: 0/0
   190 | D:1      | You fall through a shaft!
   215 | D:2      | Reached XP level 2. HP: 24/26 MP: 1/1
   629 | D:1      | Reached XP level 3. HP: 30/31 MP: 2/2
  1451 | D:3      | Reached XP level 4. HP: 39/40 MP: 3/3
  2061 | D:3      | Reached skill level 1 in Armour
  2179 | D:3      | Reached XP level 5. HP: 36/46 MP: 4/4
  2270 | D:3      | HP: 2/46 [orc wizard/magic dart (8)]
  2667 | D:3      | Reached XP level 6. HP: 8/52 MP: 5/5
  2874 | D:3      | Found a glowing golden altar of the Shining One.
  3502 | D:4      | Reached XP level 7. HP: 26/58 MP: 6/6
  3843 | D:5      | Entered Level 5 of the Dungeon
  3941 | D:5      | Killed from afar by an orc priest

Skill      XL: |  1  2  3  4  5  6 |
---------------+-------------------+-----
Dodging        | 3 4 |  4.3
Short Blades   | 3 4 |  4.4
Armour         | 1 2 |  2.8
Fighting       | 4 |  4.3
Stealth        | |  2.9

Action                   |  1- 3 |  4- 6 |  7- 9 || total
-------------------------+-------+-------+-------++-------
Melee: Short sword       |   144 |   148 |       ||   292
       Dagger            |       |   198 |    54 ||   252
  Use: Potion            |     1 |     5 |     2 ||     8
       Scroll            |       |     6 |       ||     6
 Stab: Sleeping          |       |     3 |     1 ||     4
  Eat: Chunk             |     8 |    32 |     7 ||    47
Armor: Robe              |     7 |       |       ||     7
       Ring mail         |    34 |    89 |    23 ||   146
Dodge: Dodged            |   130 |   200 |    30 ||   360
